Map: Путь на Айур РВ

Players

Ankegan - Winner!

  • Race: Protoss Protoss
  • League: Platinum
  • Spawn Location: 11:00

BobaFett

  • Race: Protoss Protoss
  • Spawn Location: 5:00

VOD

Have the link to the VOD?

Description

PvP, zealots, no warpgate
Silver league

Time

  • Played on: June 29, 2017, 11:41 a.m.
  • Length: 34:08
Show
View Real Time Build Order
Export as new Build Order

Ankegan Protoss - Winner!

Build Orders:  

Get SALT Encoding   

  12  0:03  Probe (Chrono Boost)  
  13  0:13  Probe (Chrono Boost)  
  14  0:23  Pylon  
  14  0:28  Probe (Chrono Boost)  
  15  0:41  Probe (Chrono Boost)  
  15  0:42  Gateway  
  16  0:52  Probe (Chrono Boost)  
  16  0:55  Gateway  
  17  1:29  Probe (Chrono Boost)  
  17  1:32  Assimilator  
  18  1:34  Zealot (Chrono Boost)  
  20  1:41  Probe (Chrono Boost)  
  20  1:46  Gateway  
  23  1:49  Zealot (Chrono Boost)  
  23  1:52  Pylon  
  23  2:12  Nexus  
  23  2:17  Probe  
  23  2:21  Zealot (Chrono Boost)  
  26  2:28  Zealot (Chrono Boost)  
  30  2:38  Zealot (Chrono Boost)  
  30  2:39  Pylon  
  30  2:58  Zealot (Chrono Boost)  
  34  3:00  Pylon  
  34  3:01  Zealot (Chrono Boost)  
  36  3:08  Zealot (Chrono Boost)  
  36  3:24  Cybernetics Core  
  36  3:27  Probe  
  36  3:33  Probe  
  37  3:36  Zealot (Chrono Boost)  
  37  3:39  Zealot (Chrono Boost), Probe  
  43  3:48  Zealot (Chrono Boost)  
  45  4:09  Zealot x2 (Chrono Boost)  
  49  4:17  Mothership Core  
  53  4:27  Probe  
  53  4:28  Zealot (Chrono Boost)  
  54  4:37  Pylon  
  54  4:38  Probe  
  54  4:39  Probe  
  54  4:46  Twilight Council  
  54  4:47  Zealot (Chrono Boost)  
  54  4:48  Zealot (Chrono Boost)  
  54  4:50  Probe  
  54  4:51  Probe  
  52  5:10  Zealot (Chrono Boost)  
  52  5:11  Zealot (Chrono Boost)  
  52  5:13  Zealot (Chrono Boost), Probe x2  
  50  5:23  Charge (Chrono Boost)  
  50  5:27  Probe x2  
  52  5:31  Zealot  
  54  5:36  Zealot  
  54  5:38  Zealot  
  58  5:49  Probe x2  
  60  5:57  Robotics Facility  
  60  6:07  Zealot  
  60  6:09  Probe x2, Nexus  
  60  6:10  Pylon  
  66  6:11  Zealot  
  66  6:13  Zealot  
  60  6:37  Zealot (Chrono Boost)  
  60  6:39  Zealot (Chrono Boost)  
  64  6:43  Zealot (Chrono Boost)  
  66  7:03  Zealot (Chrono Boost)  
  66  7:04  Zealot (Chrono Boost)  
  72  7:16  Zealot (Chrono Boost)  
  72  7:26  Zealot (Chrono Boost), Probe  
  72  7:28  Zealot (Chrono Boost), Probe x2  
  79  7:40  Observer  
  79  7:44  Zealot (Chrono Boost)  
  74  7:50  Zealot (Chrono Boost)  
  66  7:58  Zealot (Chrono Boost)  
  58  8:06  Gateway  
  58  8:10  Gateway x2  
  58  8:11  Zealot (Chrono Boost)  
  60  8:12  Gateway  
  60  8:13  Zealot (Chrono Boost)  
  60  8:16  Pylon  
  60  8:18  Pylon  
  62  8:21  Zealot (Chrono Boost)  
  62  8:25  Pylon  
  64  8:32  Pylon  
  66  8:37  Zealot (Chrono Boost)  
  66  8:38  Zealot (Chrono Boost)  
  68  8:42  Probe  
  68  8:43  Probe  
  68  8:44  Probe  
  68  8:45  Zealot (Chrono Boost)  
  71  8:53  Probe  
  58  8:56  Probe x2  
  58  9:01  Zealot (Chrono Boost)  
  64  9:03  Probe  
  64  9:05  Zealot (Chrono Boost)  
  64  9:06  Forge  
  64  9:07  Forge  
  64  9:08  Zealot (Chrono Boost), Probe x2  
  69  9:10  Forge  
  69  9:15  Zealot x4 (Chrono Boost)  
  53  9:50  Probe  
  53  9:51  Probe x2  
  55  9:56  Zealot (Chrono Boost)  
  55  9:59  Protoss Ground Weapons Level 1, Protoss Ground Armor Level 1  
  65  10:00  Zealot x4 (Chrono Boost), Protoss Shields Level 1  
  61  10:19  Zealot (Chrono Boost)  
  58  10:26  Zealot x2 (Chrono Boost)  
  55  10:29  Observer  
  55  10:30  Probe  
  55  10:31  Probe x2  
  43  10:41  Probe (Chrono Boost)  
  40  10:43  Probe x2 (Chrono Boost)  
  42  10:52  Probe (Chrono Boost)  
  42  10:54  Probe x2 (Chrono Boost)  
  45  11:03  Pylon  
  45  11:04  Pylon  
  45  11:05  Probe (Chrono Boost)  
  45  11:08  Observer  
  47  11:32  Zealot x7  
  61  11:37  Probe x3 (Chrono Boost)  
  64  11:42  Photon Cannon  
  64  11:47  Probe (Chrono Boost)  
  64  11:48  Probe (Chrono Boost)  
  66  11:57  Probe (Chrono Boost)  
  66  11:59  Zealot x3  
  73  12:05  Zealot x4  
  81  12:20  Photon Cannon  
  81  12:37  Zealot x3  
  81  12:38  Zealot x4  
  95  12:46  Probe x2 (Chrono Boost)  
  95  12:47  Probe (Chrono Boost)  
  98  12:57  Probe (Chrono Boost)  
  99  13:04  Zealot  
  101  13:27  Zealot  
  101  13:28  Zealot x5  
  113  13:41  Probe x3 (Chrono Boost)  
  116  13:50  Nexus  
  116  13:51  Probe (Chrono Boost)  
  116  13:53  Pylon  
  117  13:56  Pylon  
  117  13:58  Protoss Ground Weapons Level 2  
  117  13:59  Protoss Ground Armor Level 2  
  117  14:11  Zealot x2  
  121  14:23  Probe x2 (Chrono Boost)  
  121  14:24  Probe (Chrono Boost)  
  124  14:28  Zealot  
  124  14:29  Zealot  
  128  14:33  Probe (Chrono Boost)  
  128  14:34  Probe x2 (Chrono Boost)  
  131  14:42  Zealot  
  133  14:59  Pylon  
  133  15:01  Pylon  
  133  15:02  Zealot x4, Probe x3 (Chrono Boost)  
  133  15:03  Pylon  
  133  15:05  Zealot  
  133  15:06  Zealot  
  148  15:17  Zealot, Probe (Chrono Boost)  
  125  15:29  Zealot  
  101  15:42  Zealot x5  
  83  15:57  Nexus  
  83  15:58  Pylon  
  83  16:00  Zealot x2, Pylon  
  85  16:09  Zealot x3  
  89  16:20  Protoss Ground Weapons Level 3 (Chrono Boost), Protoss Ground Armor Level 3 (Chrono Boost), Protoss Shields Level 2 (Chrono Boost)  
  79  16:28  Probe  
  79  16:30  Probe x3  
  81  16:40  Zealot  
  81  16:41  Zealot x6  
  95  16:57  Nexus  
  95  17:00  Pylon  
  95  17:02  Pylon  
  95  17:07  Zealot  
  95  17:08  Zealot x3  
  99  17:20  Observer  
  82  17:25  Probe  
  82  17:26  Probe  
  82  17:28  Probe x3  
  87  17:36  Probe  
  87  17:37  Probe  
  87  17:39  Zealot  
  87  17:40  Zealot x6, Probe x3  
  106  18:07  Zealot x6  
  106  18:11  Photon Cannon  
  108  18:14  Photon Cannon  
  108  18:17  Pylon  
  96  18:21  Photon Cannon  
  96  18:25  Zealot, Photon Cannon  
  98  18:34  Zealot  
  100  18:39  Nexus  
  100  18:41  Pylon  
  100  18:43  Pylon  
  100  18:47  Pylon  
  100  18:52  Pylon  
  100  19:00  Zealot x2 (Chrono Boost)  
  100  19:01  Zealot x3 (Chrono Boost)  
  114  19:04  Zealot x2 (Chrono Boost)  
  114  19:25  Zealot x3 (Chrono Boost)  
  114  19:26  Zealot (Chrono Boost)  
  122  19:37  Gateway x2  
  122  19:40  Gateway  
  122  19:42  Gateway  
  122  19:45  Gateway  
  122  19:59  Nexus  
  122  20:00  Pylon  
  122  20:03  Pylon  
  122  20:11  Nexus  
  122  20:12  Pylon  
  112  20:14  Zealot x4 (Chrono Boost)  
  112  20:15  Pylon, Zealot (Chrono Boost)  
  112  20:18  Zealot x2 (Chrono Boost)  
  92  20:33  Zealot (Chrono Boost)  
  92  20:34  Zealot x3 (Chrono Boost)  
  102  20:36  Zealot (Chrono Boost)  
  102  20:37  Zealot (Chrono Boost)  
  102  20:38  Zealot x4 (Chrono Boost)  
  110  20:58  Zealot (Chrono Boost)  
  110  20:59  Zealot (Chrono Boost)  
  110  21:00  Zealot (Chrono Boost)  
  110  21:01  Zealot x2 (Chrono Boost)  
  114  21:15  Zealot x5 (Chrono Boost)  
  128  21:19  Zealot x2 (Chrono Boost)  
  138  21:25  Zealot (Chrono Boost)  
  138  21:26  Zealot (Chrono Boost)  
  138  21:27  Zealot (Chrono Boost)  
  138  21:28  Zealot x2 (Chrono Boost)  
  138  21:38  Zealot (Chrono Boost)  
  138  21:39  Zealot x4 (Chrono Boost)  
  148  21:46  Zealot x2 (Chrono Boost)  
  144  21:53  Zealot x2 (Chrono Boost)  
  128  21:55  Zealot (Chrono Boost)  
  128  21:59  Zealot x2 (Chrono Boost)  
  132  22:02  Zealot x2 (Chrono Boost)  
  132  22:04  Zealot (Chrono Boost)  
  132  22:05  Zealot x2 (Chrono Boost)  
  138  22:13  Zealot x2 (Chrono Boost)  
  142  22:19  Zealot (Chrono Boost)  
  144  22:25  Zealot x2 (Chrono Boost)  
  144  22:26  Zealot (Chrono Boost)  
  144  22:27  Zealot (Chrono Boost)  
  152  22:33  Nexus  
  152  22:34  Pylon  
  152  22:38  Pylon  
  108  23:17  Zealot x4 (Chrono Boost)  
  108  23:18  Zealot x2 (Chrono Boost)  
  126  23:21  Zealot x6 (Chrono Boost)  
  126  23:24  Assimilator  
  114  23:28  Assimilator  
  108  23:40  Zealot (Chrono Boost)  
  120  23:41  Zealot x5 (Chrono Boost)  
  120  23:48  Zealot x6 (Chrono Boost)  
  128  24:04  Zealot (Chrono Boost)  
  128  24:05  Zealot x4 (Chrono Boost)  
  128  24:07  Zealot (Chrono Boost)  
  134  24:15  Zealot x3 (Chrono Boost)  
  128  24:27  Zealot (Chrono Boost)  
  128  24:28  Zealot x4 (Chrono Boost)  
  130  24:36  Zealot (Chrono Boost)  
  128  24:42  Zealot x3 (Chrono Boost), Gateway  
  128  24:43  Gateway  
  128  24:45  Gateway  
  128  24:47  Gateway  
  128  24:49  Gateway x3  
  128  24:51  Zealot (Chrono Boost), Gateway  
  128  24:52  Zealot x3 (Chrono Boost), Gateway  
  132  24:54  Gateway  
  132  24:55  Gateway  
  132  24:56  Gateway  
  132  24:58  Gateway  
  114  25:03  Zealot (Chrono Boost)  
  100  25:09  Zealot (Chrono Boost)  
  96  25:18  Zealot (Chrono Boost)  
  96  25:19  Zealot (Chrono Boost)  
  98  25:22  Zealot (Chrono Boost)  
  106  25:46  Zealot x6 (Chrono Boost)  
  106  25:47  Zealot x6 (Chrono Boost)  
  106  25:49  Zealot (Chrono Boost)  
  109  26:13  Zealot x3 (Chrono Boost)  
  109  26:14  Zealot (Chrono Boost)  
  107  26:30  Nexus  
  107  26:34  Pylon  
  107  26:36  Pylon  
  77  26:49  Nexus  
  77  26:50  Pylon  
  77  26:51  Pylon  
  97  26:55  Zealot x8 (Chrono Boost)  
  97  26:56  Zealot x5 (Chrono Boost)  
  95  27:10  Photon Cannon  
  95  27:11  Photon Cannon  
  95  27:13  Photon Cannon  
  95  27:14  Photon Cannon  
  95  27:15  Photon Cannon  
  95  27:18  Photon Cannon  
  95  27:19  Photon Cannon  
  121  27:23  Zealot (Chrono Boost)  
  121  27:24  Zealot x11 (Chrono Boost)  
  121  27:25  Zealot (Chrono Boost)  
  103  27:50  Zealot (Chrono Boost)  
  103  27:51  Zealot x2 (Chrono Boost)  
  121  27:52  Zealot (Chrono Boost)  
  121  27:53  Zealot x2 (Chrono Boost)  
  121  27:58  Gateway  
  121  27:59  Gateway  
  121  28:01  Gateway  
  121  28:04  Gateway  
  115  28:10  Gateway x2  
  113  28:16  Gateway  
  113  28:17  Zealot (Chrono Boost)  
  113  28:18  Zealot x2 (Chrono Boost)  
  113  28:19  Zealot (Chrono Boost)  
  119  28:20  Zealot (Chrono Boost)  
  101  28:32  Zealot (Chrono Boost)  
  88  28:44  Zealot (Chrono Boost)  
  88  28:45  Zealot (Chrono Boost)  
  94  28:56  Zealot (Chrono Boost)  
  94  28:57  Zealot x3 (Chrono Boost)  
  95  29:06  Zealot x2 (Chrono Boost)  
  99  29:14  Zealot (Chrono Boost)  
  98  29:23  Zealot (Chrono Boost)  
  102  29:24  Zealot x3 (Chrono Boost)  
  102  29:30  Probe x2  
  102  29:31  Probe x2  
  93  29:32  Probe  
  93  29:33  Zealot x2 (Chrono Boost)  
  100  29:41  Zealot (Chrono Boost)  
  100  29:50  Zealot (Chrono Boost)  
  100  29:51  Zealot x3 (Chrono Boost)  
  106  30:00  Zealot x2 (Chrono Boost)  
  108  30:09  Zealot (Chrono Boost)  
  98  30:18  Zealot x3 (Chrono Boost)  
  99  30:25  Zealot (Chrono Boost)  
  99  30:27  Zealot x2 (Chrono Boost)  
  95  30:36  Zealot (Chrono Boost)  
  99  30:45  Zealot x2 (Chrono Boost)  
  99  30:48  Zealot (Chrono Boost)  
  99  30:52  Zealot (Chrono Boost)  
  99  30:55  Nexus  
  99  30:57  Pylon  
  99  31:00  Pylon  
  97  31:07  Nexus  
  97  31:08  Pylon  
  97  31:10  Pylon  
  87  31:28  Zealot (Chrono Boost)  
  87  31:29  Zealot x4 (Chrono Boost)  
  87  31:30  Zealot x2 (Chrono Boost)  
  92  31:52  Pylon  
  106  31:55  Pylon  
  106  31:56  Zealot x4 (Chrono Boost)  
  106  31:57  Zealot x3 (Chrono Boost)  
  106  32:10  Probe x3  
  109  32:20  Probe  
  123  32:23  Zealot x3 (Chrono Boost)  
  123  32:24  Zealot x4 (Chrono Boost)  
  122  32:46  Nexus  
  122  32:49  Pylon  
  122  32:50  Zealot (Chrono Boost)  
  124  32:51  Pylon  
  124  32:57  Pylon  
  123  33:01  Pylon  
  123  33:04  Pylon  
  107  33:11  Zealot x2 (Chrono Boost)  
  113  33:21  Zealot x3 (Chrono Boost)  
  113  33:22  Zealot x2 (Chrono Boost)  
  109  33:28  Gateway  
  109  33:29  Gateway  
  109  33:31  Gateway  
  107  33:35  Gateway x2  
  107  33:38  Gateway  
Show
View Real Time Build Order
Export as new Build Order

BobaFett Protoss 

Build Orders:  

Get SALT Encoding   

  12  0:01  Probe (Chrono Boost)  
  13  0:12  Probe (Chrono Boost)  
  14  0:20  Pylon  
  14  0:23  Probe (Chrono Boost)  
  15  0:35  Assimilator  
  15  0:39  Probe (Chrono Boost)  
  16  0:45  Gateway  
  16  0:50  Probe (Chrono Boost)  
  17  1:01  Probe (Chrono Boost)  
  18  1:08  Pylon  
  18  1:26  Gateway  
  18  1:32  Probe (Chrono Boost)  
  19  1:35  Cybernetics Core  
  19  1:49  Probe (Chrono Boost)  
  19  1:50  Assimilator  
  20  2:00  Probe (Chrono Boost)  
  21  2:10  Probe (Chrono Boost)  
  21  2:12  Pylon  
  22  2:16  Warp Gate (Chrono Boost)  
  22  2:18  Stalker  
  22  2:21  Mothership Core (Chrono Boost)  
  26  2:30  Stalker  
  28  2:51  Robotics Facility  
  28  2:55  Probe  
  29  3:00  Stalker  
  29  3:04  Stalker  
  33  3:11  Pylon  
  33  3:27  Twilight Council  
  33  3:32  Gateway  
  33  3:35  Stalker  
  35  3:43  Stalker  
  37  4:19  Observer  
  38  4:29  Blink (Chrono Boost)  
  38  4:35  Pylon  
  37  5:10  Stalker  
  39  5:29  Pylon  
  39  5:32  Stargate  
  39  5:39  Pylon  
  39  5:40  Nexus  
  39  5:50  Pylon  
  39  5:51  Immortal (Chrono Boost)  
  43  5:57  Adept x2  
  47  6:04  Adept  
  49  6:17  Forge  
  48  6:35  Adept x2  
  48  6:36  Adept  
  54  6:46  Void Ray  
  58  6:51  Probe  
  59  7:03  Probe  
  59  7:04  Warp Prism (Chrono Boost)  
  62  7:23  Dark Shrine  
  62  7:26  Probe  
  62  7:28  Probe  
  58  7:50  Adept x2  
  58  7:51  Adept  
  50  8:02  Probe  
  50  8:04  Probe  
  52  8:13  Photon Cannon  
  52  8:16  Photon Cannon  
  52  8:32  Gateway  
  52  8:34  Adept x3  
  56  9:03  Dark Templar  
  56  9:04  Dark Templar  
  60  9:15  Dark Templar  
  58  9:49  Dark Templar x2  
  58  9:50  Dark Templar x2  
  66  9:53  Probe  
  66  9:55  Probe  
  66  9:59  Assimilator  
  68  10:05  Assimilator  
  68  10:07  Probe  
  69  10:18  Void Ray  
  69  10:20  Archon x2  
  71  10:35  Photon Cannon  
  65  10:37  Photon Cannon  
  65  10:43  Adept x3  
  65  10:44  Adept  
  65  10:47  Probe  
  65  10:48  Probe  
  75  11:04  Pylon  
  75  11:13  Dark Templar  
  77  11:22  Immortal (Chrono Boost)  
  81  11:33  Probe  
  81  11:34  Probe  
  81  11:39  Sentry  
  85  11:45  Pylon  
  85  11:46  Probe  
  86  12:04  Immortal (Chrono Boost)  
  86  12:05  Pylon  
  90  12:29  Dark Templar  
  92  12:34  Resonating Glaives (Chrono Boost)  
  86  12:43  Protoss Ground Weapons Level 1 (Chrono Boost)  
  86  12:48  Immortal  
  86  12:49  Sentry x3  
  86  12:50  Sentry  
  98  13:05  Gateway  
  96  13:19  Sentry  
  98  13:20  Sentry x2  
  98  13:25  Pylon  
  102  13:43  Warp Prism  
  104  13:52  Pylon  
  104  14:01  Pylon  
  104  14:08  Nexus  
  104  14:17  Photon Cannon  
  104  14:19  Probe x2  
  106  14:29  Photon Cannon  
  106  14:33  Observer  
  107  14:42  Assimilator  
  107  14:47  Gateway  
  107  14:58  Probe x2  
  109  15:10  Probe  
  109  15:11  Sentry x2  
  114  15:17  Protoss Ground Armor Level 1 (Chrono Boost)  
  97  15:41  Probe  
  97  15:42  Probe x2  
  100  15:54  Probe  
  97  15:59  Pylon  
  97  16:02  Pylon, Immortal  
  101  16:06  Pylon  
  101  16:07  Sentry x2  
  101  16:08  Adept  
  101  16:09  Adept x2  
  107  16:27  Dark Templar  
  109  16:38  Assimilator  
  109  16:41  Immortal  
  109  16:45  Dark Templar  
  109  16:46  Dark Templar  
  117  16:47  Dark Templar x2  
  117  16:48  Adept  
  123  16:57  Void Ray  
  127  17:32  Archon x2  
  127  17:40  Void Ray  
  127  17:44  Photon Cannon x2  
  131  17:46  Photon Cannon  
  131  17:49  Photon Cannon x2  
  131  17:55  Observer  
  132  18:04  Dark Templar  
  132  18:05  Dark Templar  
  136  18:15  Adept x3  
  142  18:20  Probe  
  142  18:21  Probe x2  
  145  18:43  Immortal  
  149  19:12  Nexus  
  149  19:31  Photon Cannon  
  149  19:33  Pylon  
  146  19:52  Void Ray (Chrono Boost)  
  125  20:29  Void Ray (Chrono Boost)  
  129  20:38  Photon Cannon  
  129  20:46  Nexus  
  129  20:47  Protoss Air Weapons Level 1  
  129  20:48  Immortal  
  133  21:03  Pylon, Adept  
  133  21:04  Adept x5  
  139  21:06  Void Ray (Chrono Boost)  
  139  21:07  Pylon  
  149  21:14  Gateway  
  149  21:19  Gateway  
  149  21:20  Gateway  
  149  21:27  Immortal  
  153  21:43  Void Ray (Chrono Boost)  
  155  21:50  Adept x4  
  155  21:51  Adept x2  
  154  22:20  Void Ray (Chrono Boost)  
  158  22:28  Probe x2  
  158  22:29  Probe x2  
  162  22:38  Probe x2  
  162  22:41  Probe x2  
  166  22:49  Probe  
  163  22:58  Void Ray (Chrono Boost)  
  163  22:59  Probe  
  163  23:00  Sentry x3  
  166  23:10  Dark Templar x3  
  166  23:11  Dark Templar  
  140  23:35  Void Ray (Chrono Boost)  
  140  23:37  Immortal  
  127  24:12  Void Ray (Chrono Boost)  
  127  24:17  Immortal  
  105  24:58  Adept x3  
  105  24:59  Adept x4  
  113  25:04  Immortal  
  110  25:25  Probe  
  110  25:26  Probe x2  
  110  25:27  Probe  
  114  25:43  Immortal  
  118  26:03  Probe  
  111  26:58  Observer  
  112  27:19  Observer  
  112  27:21  Dark Templar  
  112  27:22  Dark Templar  
  115  27:59  Dark Templar  
  117  28:10  Pylon  
  117  28:14  Pylon  
  111  28:27  Sentry  
  99  28:53  Sentry  
  97  29:39  Sentry  
  97  29:41  Adept  
  96  30:15  Probe x2  
  96  30:16  Probe  
  98  30:28  Probe  
  95  31:29  Adept  
  95  31:32  Zealot x2  
  99  31:33  Zealot  
  103  32:26  Pylon  
Tags
 
Add a new tag
Caveats
  • Supply blocks, unpowered buildings, or Contaminate may cause inaccurate times.
  • Supply counts are checked every 10 seconds.